 Dungeon Crawl Stone Soup version 0.31.0-11-ge490571c62 (webtiles) character file.

Game seed: 8863352630147675961

353 Amaterasu the Poker (level 6, -3/34 HPs)
             Began as a Vine Stalker Fighter on Jan 31, 2024.
             Succumbed to a hornet's poison
             ... on level 5 of the Dungeon.
             The game lasted 00:06:06 (1331 turns).

Amaterasu the Poker (Vine Stalker Fighter)          Turns: 1331, Time: 00:06:07

Health: -3/34      AC:  7    Str: 21    XL:     6   Next: 62%
Magic:  1/7        EV:  9    Int:  8    God:
Gold:   180        SH:  5    Dex: 19    Spells: 5/5 levels left

rFire   . . .        a - +0 trident
rCold   + . .        c - +0 buckler
rNeg    . . .        b - +0 scale mail
rPois   .            (no helmet)
rElec   .            (no cloak)
rCorr   .            j - +0 pair of gloves
SInv    .            (no boots)
Will    .....        (no amulet) Stlth
                     g - ring of protection from cold
HPRegen 1.05/turn    l - +6 ring of dexterity
MPRegen 0.10/turn

%: guardian spirit
@: mighty, lethally poisoned (-3 -> -11), slowed, very slow
A: fangs 2, regeneration 1, magic shield, antimagic bite, no potion heal 2
a: no special abilities


You were on level 5 of the Dungeon.
You visited 1 branch of the dungeon, and saw 5 of its levels.

You collected 180 gold pieces.

Inventory:

Hand Weapons
 a - a +0 trident (weapon)
Missiles
 q - 2 poisoned darts (quivered)
Armour
 b - a +0 scale mail (worn)
 c - a +0 buckler (worn)
 j - a +0 pair of gloves (worn)
Jewellery
 g - a ring of protection from cold (left hand)
 l - a +6 ring of dexterity (right hand)
Wands
 e - a wand of paralysis (2)
Scrolls
 i - a scroll of teleportation
 m - a scroll of brand weapon {unknown}
 n - a scroll of vulnerability {unknown}
 p - a scroll of blinking
Potions
 f - a potion of resistance {unknown}
 h - 3 potions of curing {unknown}
 k - a potion of heal wounds {unknown}
 o - a potion of degeneration {unknown}


   Skills:
 * Level 4.5 Fighting
 - Level 5.0 Polearms
 - Level 2.4 Armour
 - Level 2.6 Shields


You had 5 spell levels left.
You didn't know any spells.
Your spell library contained the following spells:

 Spells                   Type           Power      Damage    Failure   Level
 Ensorcelled Hibernation  Hex/Ice        0%         N/A       92%         2
 Lesser Beckoning         Tloc           0%         N/A       92%         2
 Gell's Gravitas          Tloc           0%         N/A       99%         3
 Passwall                 Erth           0%         N/A       99%         3
 Swiftness                Air            0%         N/A       99%         3
 Teleport Other           Tloc           0%         N/A       99%         3
 Haunt                    Necr/Summ      0%         N/A       100%        7
 Borgnjor's Revivificati  Necr           0%         N/A       100%        8
 Death's Door             Necr           0%         N/A       100%        9


Dungeon Overview and Level Annotations

Branches:
Dungeon (5/15)
 Temple: D:4-7

Altars:
Wu Jian


Innate Abilities, Weirdness & Mutations

You have extremely sharp teeth.
Your natural rate of healing is unusually fast.
When hurt, damage is shared between your health and your magic reserves.
Your bite disrupts and absorbs the magic of your enemies.
Potions cannot restore your health.


Message History

You feel very mighty all of a sudden.
You feel very sick. You block the hornet's attack.
The hornet stings you but does no damage.
You barely miss the hornet. You bite the hornet. You drain its power.
You feel invigorated.
The hornet is lightly wounded.
You feel sick.
A quokka comes into view.
The hornet barely misses you.
The quokka moves out of view.
You closely miss the hornet. You bite the hornet! You drain its power.
The hornet is heavily wounded.
You feel sick.
The hornet stings you but does no damage.
The hornet completely misses you.
You hit the hornet. Your bite misses the hornet.
The hornet is heavily wounded.
You feel sick. The hornet misses you. The hornet stings you.
You feel yourself slow down.
You closely miss the hornet. Your bite misses the hornet.
The hornet is heavily wounded.
You feel sick. The hornet stings you.
You are more poisoned.
You suddenly lose the ability to move!
The hornet stings you!
You are lethally poisoned!
You feel as though you will be slow longer.
You can move again.
You puncture the hornet!
The hornet is almost dead.
You feel yourself speed up.
* * * LOW HITPOINT WARNING * * *
You feel extremely sick. The hornet stings you.
* * * LOW HITPOINT WARNING * * *
You feel yourself slow down. The hornet barely misses you.
The hornet closely misses you.
Okay, then.
You closely miss the hornet. You bite the hornet.
You kill the hornet!
You die...

#.
##.#........##.....
#. #...........#
##.#
#.###..########## #
#.#...## #.#...#
#.....####
#..##....##
#.)#####..#########
#..# ##......@†l#
#..# #########..#
#.## #.... ##
##.... ... .. .


You could see an iguana.

Vanquished Creatures
  A hornet (D:5)
  Sigmund (D:3)
  An ice beast (D:5)
  An orc wizard (D:3)
  2 adders (D:2)
  An adder zombie (D:2)
  An adder skeleton (D:2)
  A ribbon worm (D:3)
  4 orcs (D:3)
  7 endoplasms
  2 giant cockroaches
  3 goblins
  3 hobgoblins
  3 jackals (D:4)
  4 quokkas
  3 ball pythons
  A ball python zombie (D:2)
  A bat (D:1)
  2 frilled lizards
  3 kobolds
  A quokka skeleton (D:2)
  A quokka zombie (D:2)
  3 rats
50 creatures vanquished.

Notes
Turn   | Place    | Note
-------+----------+-------------------------------------------
     0 | D:1      | Amaterasu the Vine Stalker Fighter began the quest for the
                  | Orb.
     0 | D:1      | Reached XP level 1. HP: 11/11 MP: 2/2
   144 | D:1      | Reached skill level 2 in Polearms
   179 | D:1      | Reached XP level 2. HP: 16/16 MP: 3/3
   284 | D:2      | Reached XP level 3. HP: 19/20 MP: 2/4
   600 | D:3      | Noticed Sigmund
   620 | D:3      | Killed Sigmund
   621 | D:3      | Reached skill level 4 in Polearms
   621 | D:3      | Reached XP level 4. HP: 25/25 MP: 5/5
   621 | D:3      | Reached XP level 5. HP: 29/29 MP: 6/6
   766 | D:3      | Reached XP level 6. HP: 32/33 MP: 7/7
   817 | D:3      | Found an ornate altar of the Wu Jian Council.
  1270 | D:5      | Entered Level 5 of the Dungeon
  1278 | D:5      | Noticed an ice beast
  1286 | D:5      | Killed an ice beast
  1287 | D:5      | Reached skill level 5 in Polearms
  1320 | D:5      | Noticed a hornet
  1323 | D:5      | Paralysed by a hornet for 2 turns
  1329 | D:5      | Paralysed by a hornet for 1 turns
  1330 | D:5      | HP: 1/34 [hornet (4)]
  1331 | D:5      | Killed a hornet
  1331 | D:5      | Succumbed to a hornet's poison

Illustrated notes

Levels and vault maps discovered:
D:1:      psy_arrival_radial01, layout_basic
D:2:      layout_loops_ring, basic_altar, serial_undead, serial_undead_c,
          serial_undead_f, serial_undead_a, serial_undead_b, serial_undead_f,
          hangedman_glass_teeth, minmay_misc_feat_alley, uniq_jessica
D:3:      minmay_spotlight, layout_loops_corners,
          mainiacjoe_overflow_surrounded_room, mainiacjoe_overflow_alcove_2,
          uniq_natasha, uniq_sigmund
D:4:      layout_loops_corners
D:5:      layout_rooms

Skill      XL: |  1  2  3  4  5  6 |
---------------+-------------------+-----
Fighting       | 3 4 |  4.5
Polearms       | 2 4 5 |  5.0
Armour         | |  2.4
Shields        | |  2.6

Action                     |  1- 3 |  4- 6 || total
---------------------------+-------+-------++-------
  Melee: Trident           |    93 |    74 ||   167
         Bite              |    13 |    20 ||    33
    Use: Scroll            |     3 |     1 ||     4
         Potion            |       |     1 ||     1
 Armour: Scale mail        |    49 |    44 ||    93
  Dodge: Dodged            |    28 |    22 ||    50
  Block: Buckler           |    15 |    11 ||    26
